 Dungeon Crawl Stone Soup version 0.32-a0-132-g2d33c3cfaf (webtiles) character file.

Game seed: 4446575298058358417

1565186 Daunt the Sorcerer (level 27, 243/243 HPs)
             Began as a Djinni Alchemist on Feb 10, 2024.
             Was a High Priest of Ashenzari.
             Escaped with the Orb
             ... and 3 runes on Feb 13, 2024!
             The game lasted 13:11:09 (81623 turns).

Daunt the Sorcerer (Djinni Alchemist)              Turns: 81623, Time: 13:11:09

Health: 243/243    AC: 21    Str: 12    XL:     27
Gold:   6957       EV: 26    Int: 36    God:    Ashenzari [*****.] SH: 17 Dex: 19

rFire   + + +        b - +3 Elemental Staff {ele, rElec rF+ rC+ AC+3}
rCold   + . .        y - +2 kite shield of the Ensconced Moon {rC+, Cun, Sorc} (curse)
rNeg    + + +        e - +3 troll leather armour of the Unyielding Gaze {Regen+, Self, Sorc} (curse)
rPois   ∞            t - +2 hat of Ashenzari's Henotheism {Int+3, Cun, Self} (curse)
rElec   +            O - +2 cloak of Curses and Power {Will+, Bglg, Range} (curse)
rCorr   +            N - +2 pair of gloves "Regret of Ashenzari" {Str+3, Range, Self} (curse)
SInv    +            (boots unavailable)
Will    ++++.        f - dreamshard necklace {Acrobat *Dream, Cun, Elem} (curse)
Stlth   ++           W - ring "I Knew You'd Do That" {Int+6 Dex+3 Slay+3 SInv, Elem, Fort} (curse)
HPRegen 1.40/turn    E - ring of the Profound Planets {rPois rN+++ Will+ rCorr Stlth-, Bglg, Fort} (curse)
MPRegen 0.00/turn

%: acrobat, clarity
@: flying, studying 3 skills
A: sickness immunity, fire resistance 2, cold vulnerability 1, float, innate
caster, HP casting, extra vitality 1, passive freeze, robust 1, evolution 1
0: Orb of Zot
}: 3/15 runes: barnacled, slimy, gossamer
a: Renounce Religion, Curse Item, Shatter the Chains


You escaped.
You worshipped Ashenzari.
Ashenzari was extremely pleased with you.
You visited 11 branches of the dungeon, and saw 54 of its levels.
You visited 1 ziggurat, and saw 7 of its levels.
You also visited: Trove, Gauntlet, Ice Cave and Volcano.

You collected 12709 gold pieces.
You spent 5752 gold pieces at shops.

Inventory:

Hand Weapons
 a - a +9 hand cannon of freezing
 b - the +3 Elemental Staff (weapon) {ele, rElec rF+ rC+ AC+3}
   (You found it on level 7 of a ziggurat)

   AC+3:      It affects your AC (+3).
   rF+:       It protects you from fire.
   rC+:       It protects you from cold.
   rElec:     It insulates you from electricity.
Missiles
 g - 16 atropa-tipped darts
 r - 2 darts of dispersal
 w - 11 throwing nets
 H - 10 curare-tipped darts
 Q - 4 datura-tipped darts
 R - 40 poisoned darts
Armour
 e - the cursed +3 troll leather armour of the Unyielding Gaze (worn) {Regen+, Self, Sorc}
   (You found it on level 3 of the Depths)

   Regen+:    It increases your rate of health regeneration.
   It has a curse which improves the following skills: Introspection: Fighting
   and Spellcasting.
   Sorcery:   Conjurations and Alchemy.
 t - the cursed +2 hat of Ashenzari's Henotheism (worn) {Int+3, Cun, Self}
   (You found it on level 4 of the Spider Nest)

   It has a curse which improves the following skills: Cunning: Dodging and
   Stealth.
   Introspection: Fighting and Spellcasting.
 y - the cursed +2 kite shield of the Ensconced Moon (worn) {rC+, Cun, Sorc}
   (You found it in an ice cave)

   It has a curse which improves the following skills: Cunning: Dodging and
   Stealth.
   Sorcery:   Conjurations and Alchemy.
 N - the cursed +2 pair of gloves "Regret of Ashenzari" (worn) {Str+3, Range, Self}
   (You found it on level 1 of the Shoals)

   It has a curse which improves the following skills: Ranged Combat: Ranged
   Weapons and Throwing.
   Introspection: Fighting and Spellcasting.
 O - the cursed +2 cloak of Curses and Power (worn) {Will+, Bglg, Range}
   (You found it on level 3 of the Elven Halls)

   It has a curse which improves the following skills: Beguiling: Hexes and
   Translocations.
   Ranged Combat: Ranged Weapons and Throwing.
Jewellery
 f - the cursed dreamshard necklace (around neck) {Acrobat *Dream, Cun, Elem}
   (You took it off a deep elf master archer on level 3 of the Elven Halls)

   [amulet of the acrobat]

   *Dream:    It absorbs a single lethal wound into itself, holding its wearer
   just short of death and releasing dream-creatures to guard them.
   Acrobat:   It increases your evasion while moving and waiting.
   It has a curse which improves the following skills: Cunning: Dodging and
   Stealth.
   Elements:  Fire Magic, Ice Magic, Air Magic and Earth Magic.
 q - the amulet of Yjextuen {rF+ rC++ Regen+ rCorr Int-4}
   (You acquired it on level 2 of the Crypt)

   [amulet of regeneration]

   Int-4:     It affects your intelligence (-4).
   rF+:       It protects you from fire.
   rC++:      It greatly protects you from cold.
   Regen+:    It increases your rate of health regeneration.
   rCorr:     It protects you from acid and corrosion.
 E - the cursed ring of the Profound Planets (right hand) {rPois rN+++ Will+ rCorr Stlth-, Bglg, Fort}
   (You found it in a treasure trove)

   [ring of willpower]

   rPois:     It protects you from poison rN+++: It renders you almost immune to
   negative energy.
   Will+:     It increases your willpower.
   rCorr:     It protects you from acid and corrosion.
   Stlth-:    It makes you less stealthy.
   It has a curse which improves the following skills: Beguiling: Hexes and
   Translocations.
   Fortitude: Armour and Shields.
 F - the ring of the Salmon {rCorr Str-3 Int+2 Dex+2 Slay+4}
   (You found it in a treasure trove)

   [ring of slaying]

   Str-3:     It affects your strength (-3).
   Int+2:     It affects your intelligence (+2).
   Dex+2:     It affects your dexterity (+2).
   Slay+4:    It affects your accuracy & damage with ranged weapons and melee
   (+4).
   rCorr:     It protects you from acid and corrosion.
 W - the cursed ring "I Knew You'd Do That" (left hand) {Int+6 Dex+3 Slay+3 SInv, Elem, Fort}
   (You found it on level 3 of the Elven Halls)

   [ring of intelligence]

   Int+6:     It affects your intelligence (+6).
   Dex+3:     It affects your dexterity (+3).
   Slay+3:    It affects your accuracy & damage with ranged weapons and melee
   (+3).
   SInv:      It lets you see invisible.
   It has a curse which improves the following skills: Elements: Fire Magic, Ice
   Magic, Air Magic and Earth Magic.
   Fortitude: Armour and Shields.
 Y - the ring "Woaterphe" {rF+ rC+}
   (You acquired it in a Gauntlet)

   [ring of protection from fire]

   rF+:       It protects you from fire.
   rC+:       It protects you from cold.
Wands
 l - a wand of digging (14)
 z - a wand of quicksilver (89)
 B - a wand of iceblast (92)
 C - a wand of charming (64)
 K - a wand of mindburst (49)
 M - a wand of polymorph (1)
Scrolls
 c - 7 scrolls of blinking
 i - 11 scrolls of teleportation
 j - a scroll of summoning
 n - 9 scrolls of vulnerability
 p - 4 scrolls of fog
 u - 20 scrolls of fear
 I - 13 scrolls of poison
 S - 9 scrolls of immolation
 U - 5 scrolls of silence
Potions
 d - 6 potions of cancellation
 h - 10 potions of heal wounds
 k - 5 potions of invisibility
 o - 6 potions of haste
 s - 5 potions of attraction
 v - 6 potions of resistance
 x - 9 potions of brilliance
 A - 39 potions of curing
 D - 9 potions of mutation
 G - 8 potions of enlightenment
 L - 11 potions of ambrosia
Miscellaneous
 J - a condenser vane
 P - a sack of spiders
 T - a phial of floods
 V - a phantom mirror
 Z - a lightning rod (4/4)


   Skills:
 - Level 21.6(25.4) Fighting
 - Level 5.2 Short Blades
 - Level 11.0 Staves
 - Level 15.7(18.8) Ranged Weapons
 - Level 16.0(19.0) Armour
 - Level 18.0(22.0) Dodging
 - Level 11.3(15.4) Stealth
 - Level 15.0(18.0) Shields
 + Level 23.2(26.9) Spellcasting
 + Level 23.2(26.0) Conjurations
 + Level 23.2(26.0) Hexes
   Level 0.0 Charms
 + Level 23.2 Summonings
 + Level 23.2 Necromancy
 + Level 23.2(26.0) Translocations
   Level 0.0 Transmutations
 + Level 23.2(26.0) Fire Magic
 + Level 23.2(26.0) Ice Magic
 + Level 23.2(26.0) Air Magic
 + Level 23.2(26.0) Earth Magic
 + Level 23.2(26.0) Alchemy
 - Level 13.0 Evocations


You knew the following spells:

 Your Spells              Type           Power      Damage    Failure   Level
a - Sting                 Conj/Alch      100%       1d9       0%          1
b - Iskenderun's Mystic   Conj/Tloc      100%       2d19      0%          4
c - Mephitic Cloud        Conj/Alch/Air  100%       N/A       0%          3
d - Discord               Hex            62%        N/A       1%          8
e - Dazzling Flash        Conj/Hex       100%       N/A       0%          3
f - Fire Storm            Conj/Fire      75%        8d19      1%          9
g - Passage of Golubria   Tloc           100%       N/A       0%          4
h - Borgnjor's Revivific  Necr           60%        N/A       1%          8
i - Irradiate             Conj/Alch      62%        3d32      0%          5
l - Dispersal             Tloc           62%        N/A       0%          6
m - Monstrous Menagerie   Summ           60%        N/A       1%          7
n - Necrotise             Necr           100%       1d9       0%          1
r - Ozocubu's Refrigerat  Ice            75%        4d24      0%          7
s - Sticky Flame          Fire/Alch      100%       2d15      0%          4
t - Olgreb's Toxic Radia  Alch           100%       N/A       0%          4
u - Sculpt Simulacrum     Ice/Alch       75%        N/A       0%          6
v - Mercury Vapours       Alch/Air       100%       N/A       0%          2
Z - Momentum Strike       Conj/Tloc      100%       3d10      0%          2
Your spell library was empty.

Dungeon Overview and Level Annotations

Branches:
Dungeon (15/15)            Temple (0/1) D:6            Lair (5/5) D:11
 Shoals (4/4) Lair:2       Spider (4/4) Lair:3        Slime (5/5) Lair:4
    Orc (2/2) D:10            Elf (3/3) Orc:2        Vaults (4/5) D:13
  Crypt (3/3) Vaults:2       Tomb (0/3) Crypt:3      Depths (4/4) D:15
    Zot (5/5) Depths:4      IceCv (visited)         Volcano (visited)
Gauntlet (visited)

Altars:
Ashenzari
Elyvilon
Fedhas
Gozag
Okawaru
Qazlal
Trog
Wu Jian
Yredelemnul
Zin
Jiyva

Shops:
D:9 *   D:11 :   Orc:2 [=?:   Elf:1 ([   Elf:3 (   Depths:1 *:   Depths:4 *

Portals:
Hell: Depths:1 Depths:2 Depths:3 Depths:4
Abyss: Depths:3 Depths:4
Pandemonium: Depths:2 Depths:4

Annotations:
Elf:2 3 runed translucent doors
Depths:4 exclusion: balrug
Zot:3 1 runed translucent door, Qephaces's ghost, veteran GnGl


Innate Abilities, Weirdness & Mutations

You are immune to sickness and miasma.
You are immune to poison.
Your flesh is very heat resistant. (rF++)
You are vulnerable to cold. (rC-)
You float through the air rather than walking.
You learn spells naturally, not from books.
Your magical power is your life essence.
You have superior vitality. (+4 MHP)
A frigid envelope surrounds you and freezes all who hurt you.
You are robust. (+10% HP)
You have hidden genetic potential.


Message History

Confirm with . or Enter, or press ? or * to list all spells.
Aiming: Fire Storm (dangerous; 1% risk of failure)
Press: ? - help, Dir - move target, f/p - Executioner
Aim: an Executioner (flame, severely wounded, ally target)
Okay, then.
Casting: Fire Storm (dangerous; 1% risk of failure)
Confirm with . or Enter, or press ? or * to list all spells.
Aiming: Fire Storm (dangerous; 1% risk of failure)
Press: ? - help, Dir - move target, p - Executioner A raging storm of fire appears!
The great blast of fire engulfs the Executioner!!!
The Executioner partially resists.
You kill the Executioner!
Unknown command.
Unknown command.
Unknown command.
HP restored.
There is a stone staircase leading up here.
You fly upwards.
There is a stone staircase leading down here.
A Yvustryd, a ynoxinul and a hellwing come into view.
The hellwing gives a chilling moan.
A tormentor comes into view.
There is a stone staircase leading up here.
The ynoxinul gestures.
The hellwing swoops through the air toward you!
The hellwing closely misses you. You block the hellwing's attack.
You fly upwards.
There is a stone staircase leading down here.
There is a stone staircase leading up here.
You fly upwards.
There is a stone staircase leading down here.
You reach down and open the door.
A neqoxec comes into view.
Blink to where?
Press: ? - help, Dir - move target
As you read the scroll of blinking, it crumbles to dust.
The neqoxec shouts!
You block the neqoxec's attack.
You have escaped!

#####.............# #..#######
.................## #........#
......####..##########...#.##.#
......# #.................##.#
......####....##'##...........#
......#.......#...#......#.######
.######.....###.⌠.###...........#
............#.......#......####.#
#########.{.#.⌠3@.⌠.#....### #.#
#########...#.......#....# #.#
...........{###.⌠.###....# #.#
.########.....#...#......# ###.#
..............##'##....### #...#
####.###......{........######.###
...#.#.).############.........#
...#.#.###### ###########
...'........#


You could see a neqoxec.

Vanquished Creatures
  10 dread liches
  4 ancient liches (Zot:5)
  3 orbs of fire
  A pandemonium lord (Zot:1)
  3 royal mummies (Zig:7)
  Boris (Crypt:2)
  Parghit (Zot:2)
  2 curse toes
  3 Killer Klowns
  A shard shrike (Zot:2)
  Margery (Crypt:1)
  8 golden dragons
  A profane servitor (Zig:5)
  A Brimstone Fiend (Zig:1)
  5 electric golems
  Jorgrun (D:12)
  2 hellephants
  An Ice Fiend (Zot:3)
  A tainted leviathan (Zig:5)
  15 tentacled monstrosities
  Mlioglotl (Shoals:3)
  A titan (Depths:2)
  5 quicksilver dragons
  25 Orb Guardians
  Asterion (Depths:2)
  A deep elf blademaster (Elf:3)
  6 krakens
  7 death cobs
  3 sphinxes
  Polyphemus (Shoals:4)
  6 acid blobs
  4 ancient champions
  4 deep elf master archers (Elf:3)
  An Executioner (D:4)
  15 storm dragons
  8 shadow dragons
  5 tengu reavers
  9 azure jellies
  2 revenants
  5 draconian monks
  7 rockslimes
  Donald (Vaults:2)
  A daeva (Depths:3)
  4 protean progenitors
  7 fire giants
  6 draconian knights
  5 frost giants
  8 vault wardens
  5 deep elf sorcerers
  5 draconian shifters
  A juggernaut zombie (Crypt:1)
  Louise (D:14)
  2 curse skulls (Crypt:3)
  5 ghost moths
  7 draconian scorchers
  A caustic shrike zombie (Zig:7)
  7 draconian annihilators
  3 deep elf elementalists (Elf:3)
  2 iron dragons
  3 orc warlords
  6 quicksilver oozes
  14 very ugly things
  2 angels (Depths:3)
  2 draconian stormcallers
  8 formless jellyfish (Slime:4)
  6 stone giants
  5 ironbound preservers
  A broodmother (Zot:1)
  5 ironbound thunderhulks
  5 vampire knights
  4 deep elf death magi (Elf:3)
  5 deep elf demonologists (Elf:3)
  10 green draconians
  10 black draconians
  4 deep elf annihilators (Elf:3)
  6 purple draconians
  A minotaur (Gauntlet)
  5 yellow draconians
  A putrid mouth (Zig:5)
  3 war gargoyles
  4 dire elephants
  10 red draconians
  9 white draconians
  7 eidola
  A crystal guardian (Vaults:2)
  2 spark wasps
  8 fire dragons
  A green death (Depths:2)
  A mummy priest (Zig:7)
  4 ettins
  3 entropy weavers
  7 jiangshi
  2 deep elf high priests
  3 merfolk impalers
  9 merfolk javelineers
  A blizzard demon (D:11)
  7 yaktaur captains
  Erolcha (Orc:2)
  2 ice dragons (Depths:2)
  2 rakshasas
  5 hydras
  2 vault guards
  2 alligators (Zot:2)
  2 ironbound frosthearts
  5 great orbs of eyes
  Fannar (D:12)
  A spriggan skeleton (Crypt:3)
  2 catoblepae
  2 merfolk avatars (Shoals:1)
  3 peacekeepers
  3 spriggan air magi (Depths:2)
  A radroach (Spider:1)
  2 jorogumos
  The ghost of Psyava the Toxicologist, a journeyman HuAl of Vehumet (D:11)
  A two-headed ogre (D:13)
  10 centaur warriors
  A sphinx zombie (D:15)
  5 dancing weapons
  2 deep troll shamans (Depths:2)
  2 merfolk aquamancers
  Erica (D:8)
  2 satyrs (Zot:1)
  5 boulder beetles
  3 tengu warriors
  4 orc high priests
  4 vampire magi
  4 deep troll earth magi
  8 demonic crawlers
  11 death yaks
  3 occultists
  A sun demon (Depths:2)
  5 deep elf knights
  An iron troll (Depths:1)
  Sonja (Orc:1)
  3 skysharks
  4 spriggans (Depths:2)
  4 spriggan berserkers
  A sixfirhy (Gauntlet)
  5 hell knights
  A fire crab (Lair:4)
  6 pharaoh ants
  11 skeletal warriors
  2 shadow wraiths
  A spark wasp zombie (D:15)
  Lodul (D:13)
  2 arcanists
  A glowing orange brain (shapeshifter) (Depths:2)
  A shadow demon (Depths:2)
  4 sea snakes
  A flayed ghost (D:15)
  3 orb spiders
  A sun moth (Spider:1)
  A spriggan simulacrum (Crypt:1)
  10 deep trolls
  2 deep elf archers (Elf:3)
  Pikel (D:5)
  5 ironbound convokers
  A bunyip skeleton (Crypt:3)
  6 phantasmal warriors
  9 lindwurms
  3 steelbarb worms
  12 harpies
  A harpy (shapeshifter) (D:12)
  9 necromancers
  6 orc knights
  13 deep elf zephyrmancers
  17 deep elf pyromancers
  A human zombie (Vaults:3)
  7 shining eyes
  21 ugly things
  An oklob plant (Orc:2)
  7 orc sorcerers
  A faun (shapeshifter) (Depths:1)
  9 manticores
  Maurice (D:12)
  A meliai (shapeshifter) (Depths:2)
  11 fauns
  7 black mambas
  11 wolf spiders
  A cyclops (D:14)
  2 elephants (Lair:2)
  A mana viper (shapeshifter) (Depths:2)
  2 human skeletons (Vaults:3)
  2 kobold blastminers (Orc:2)
  A draconian skeleton (Crypt:2)
  27 moths of wrath
  11 vault sentinels
  An ice statue (IceCv)
  A black mamba (shapeshifter) (Elf:3)
  3 water nymphs
  5 merfolk sirens
  5 toenail golems (Volcano)
  An eye of devastation (Slime:3)
  12 cane toads
  An alligator snapping turtle zombie (Crypt:2)
  2 torpor snails (Spider:4)
  4 gargoyles
  An orange demon (Zot:2)
  A kobold demonologist (D:9)
  An unseen horror (shapeshifter) (Elf:1)
  17 komodo dragons
  6 rime drakes
  3 tormentors
  10 yaktaurs
  Psyche (D:12)
  3 tengu conjurers
  3 guardian mummies (Zig:7)
  A queen bee (Lair:2)
  A harpy zombie (Crypt:3)
  An ice devil (D:14)
  A hellwing (Crypt:3)
  6 polar bears
  9 trolls
  2 nameless horrors
  34 merfolk
  9 hornets
  2 wind drakes
  A dream sheep (Shoals:4)
  17 blink frogs
  3 snapping turtles
  13 tarantellas
  A snapping turtle (shapeshifter) (Zig:3)
  An ettin zombie (Crypt:2)
  65 slime creatures
  A human simulacrum (Vaults:3)
  10 jumping spiders
  7 culicivoras
  A shadow (D:11)
  An elf simulacrum (Vaults:3)
  2 air elementals
  A vampire (D:10)
  10 wraiths
  5 water elementals
  Eustachio (D:6)
  An ettin skeleton (Crypt:3)
  7 wyverns
  54 yaks
  An ushabti (Zig:7)
  A ynoxinul (Depths:4)
  A fire elemental (Elf:2)
  12 golden eyes
  5 humans (Volcano)
  A warg (Orc:1)
  25 redbacks
  3 steam dragons
  2 basilisks
  5 vampire mosquitoes
  6 acid dragons
  A small abomination (Zot:1)
  A spectral cane toad (Lair:5)
  A harpy simulacrum (Crypt:1)
  2 hydra simulacra (Zot:2)
  A water moccasin (shapeshifter) (D:13)
  15 water moccasins
  An ice beast (D:7)
  A swamp worm (shapeshifter) (Depths:2)
  2 swamp drakes
  21 orc warriors
  3 laughing skulls
  A sky beast (D:7)
  12 ogres
  A black bear (D:5)
  5 centaurs
  3 boggarts (Vaults:3)
  26 wolves
  A lemure (D:6)
  A phantom (D:6)
  5 kobold brigands
  A salamander zombie (Crypt:1)
  A gnoll sergeant (D:7)
  An elf skeleton (Crypt:1)
  12 bullfrogs
  2 scorpions
  An earth elemental (Elf:3)
  10 wights
  A troll zombie (Crypt:2)
  37 killer bees
  5 howler monkeys
  A yak skeleton (Crypt:2)
  An electric eel (Lair:3)
  3 jellies
  A hound (D:5)
  19 orc priests
  A bombardier beetle (D:5)
  2 gnoll boudas
  Jessica (D:2)
  16 iguanas
  23 orc wizards
  A hell rat (Lair:2)
  A crocodile zombie (Crypt:1)
  4 mummies
  20 gnolls
  2 adders
  A river rat (Lair:2)
  2 shadow imps
  A swamp drake skeleton (Crypt:1)
  5 ufetubi
  2 dart slugs
  3 ribbon worms
  61 orcs
  5 ball pythons
  7 endoplasms
  2 giant cockroaches
  3 hobgoblins
  11 kobolds
  3 quokkas
  6 bats
  19 frilled lizards
  2 goblins
  A kobold zombie (Crypt:2)
  4 rats
  An aspiring flesh (Zot:1)
  83 fire vortices
  A spectral weapon (Depths:2)
  16 tentacles
1743 creatures vanquished.

Vanquished Creatures (collateral kills)
  the Royal Jelly (Slime:5)
  A dread lich (Crypt:3)
  A juggernaut (Depths:1)
  Boris (Elf:3)
  Josephina (Crypt:1)
  Sojobo (Crypt:1)
  A Killer Klown (Zot:5)
  2 caustic shrikes
  A golden dragon (Depths:3)
  Jory (Depths:4)
  A shard shrike zombie (Crypt:1)
  The ghost of Oxzi the Archmage, an adept DEHW of Vehumet (Depths:2)
  3 tentacled monstrosities
  An Orb Guardian (Zot:5)
  3 liches
  2 walking earthen tomes (Depths:2)
  An ancient champion (Crypt:1)
  A sphinx (Vaults:2)
  A titan (Depths:3)
  A deep elf blademaster (Elf:3)
  10 acid blobs
  A tengu reaver (Depths:1)
  2 shadow dragons
  3 azure jellies (Slime:5)
  2 storm dragons (Depths:3)
  A fire giant (Depths:1)
  2 revenants
  7 rockslimes
  2 vault wardens
  2 deep elf sorcerers
  A frost giant (Depths:3)
  A deep elf elementalist (Elf:3)
  A broodmother (Spider:4)
  3 emperor scorpions (Spider:4)
  An orc warlord (Vaults:3)
  6 ironbound preservers
  5 reapers (Crypt:3)
  3 ironbound thunderhulks
  2 formless jellyfish
  14 very ugly things
  5 quicksilver oozes
  3 stone giants
  A deep elf demonologist (Elf:3)
  3 deep elf death magi
  4 dire elephants (Vaults:1)
  3 spark wasps
  2 black draconians
  A deep elf annihilator (Elf:3)
  2 war gargoyles
  A white draconian (Zot:3)
  A purple draconian (Depths:4)
  4 eidola
  2 ettins
  A mummy priest (Crypt:3)
  A yellow draconian (Depths:4)
  2 crystal guardians
  6 fire dragons
  A jiangshi (Crypt:1)
  5 merfolk impalers
  A deep elf high priest (Elf:3)
  A vault guard (Vaults:4)
  3 yaktaur captains
  A merfolk javelineer (Shoals:1)
  5 spriggan zombies
  3 great orbs of eyes (Slime:5)
  3 rakshasas
  6 spriggan air magi
  3 ice dragons
  4 ironbound frosthearts
  3 merfolk avatars
  A tengu warrior (Depths:2)
  2 spriggan skeletons
  7 centaur warriors
  A boulder beetle (Spider:4)
  2 deep troll shamans (Depths:1)
  A two-headed ogre (shapeshifter) (Depths:3)
  7 merfolk aquamancers
  10 dancing weapons
  A satyr (Shoals:4)
  4 vampire magi
  2 deep troll earth magi (Depths:3)
  9 demonic crawlers
  2 titan zombies
  4 spriggan berserkers
  4 hell knights (Depths:4)
  5 soul eaters (Crypt:3)
  2 orc high priests (Vaults:3)
  3 pharaoh ants
  13 deep elf knights
  2 skysharks (Shoals:2)
  A titan skeleton (Crypt:2)
  3 iron trolls
  8 skeletal warriors
  An anaconda zombie (Crypt:3)
  25 deep trolls
  A sea snake (Shoals:4)
  An obsidian statue (Depths:2)
  An arcanist (Vaults:3)
  3 bunyip zombies (Crypt:3)
  A flayed ghost (Crypt:1)
  2 orb spiders
  7 phantasmal warriors
  A shadow dragon zombie (Crypt:3)
  An anaconda skeleton (Crypt:1)
  2 sun moths (Spider:4)
  12 deep elf archers
  4 lindwurms
  13 necromancers
  3 steelbarb worms
  2 bunyip skeletons (Crypt:3)
  5 orc knights
  6 harpies
  2 ironbound convokers
  A golden dragon skeleton (Crypt:2)
  15 deep elf zephyrmancers
  20 ugly things
  27 deep elf pyromancers
  A cyclops (Shoals:4)
  9 wolf spiders
  2 fauns (Shoals:2)
  2 stone giant zombies (Crypt:3)
  9 manticores
  A salamander (Depths:1)
  A goliath frog skeleton (Crypt:1)
  A meliai (Spider:4)
  2 naga zombies
  2 merfolk sirens
  A dire elephant zombie (Crypt:3)
  10 water nymphs
  4 torpor snails
  A vault sentinel (Vaults:2)
  A stone giant skeleton (Crypt:3)
  A dire elephant skeleton (Crypt:3)
  2 eyes of devastation
  A smoke demon (Depths:2)
  2 centaur skeletons (Crypt:1)
  A freezing wraith (Crypt:3)
  9 yaktaurs
  An alligator snapping turtle skeleton (Crypt:2)
  A komodo dragon (shapeshifter) (Elf:3)
  A purple draconian skeleton (Crypt:2)
  A tormentor (Depths:4)
  A guardian mummy (Crypt:3)
  9 merfolk
  4 harpy zombies
  12 hellwings (Crypt:3)
  A hydra zombie (Crypt:3)
  2 harpy skeletons (Crypt:3)
  3 snapping turtles
  29 slime creatures
  5 tarantellas
  An ettin zombie (Crypt:3)
  A dream sheep (Shoals:4)
  6 wind drakes
  5 culicivoras
  A stone giant simulacrum (Crypt:1)
  A black mamba zombie (Crypt:2)
  8 jumping spiders
  A dire elephant simulacrum (Crypt:1)
  15 water elementals
  5 air elementals
  4 wraiths
  An ushabti (Crypt:3)
  2 golden eyes (Slime:3)
  A hog (shapeshifter) (Elf:2)
  A fire elemental (Elf:2)
  13 redbacks
  3 naga skeletons
  A deep troll skeleton (Crypt:3)
  A boggart (Vaults:3)
  A swamp dragon skeleton (Crypt:2)
  A hog skeleton (Crypt:2)
  A naga simulacrum (Crypt:1)
  11 wyvern skeletons (Crypt:3)
  4 nameless horrors
  A human zombie (Crypt:2)
  A human skeleton (Crypt:1)
  A mummy (Zig:7)
  2 gnolls (D:4)
  A bombardier beetle zombie (Crypt:2)
654 creatures vanquished.

Vanquished Creatures (others)
  A sphinx (Depths:4)
  A tengu reaver (Crypt:1)
  A rockslime (Slime:5)
  A spriggan defender (Depths:3)
  A deep elf death mage (Elf:2)
  A deep elf high priest (Elf:3)
  A merfolk aquamancer (Shoals:2)
  A vampire mage (Crypt:1)
  3 deep elf knights
  A skeletal warrior (Crypt:1)
  A deep elf archer (Elf:2)
  3 deep elf pyromancers
  6 deep elf zephyrmancers
  A merfolk (Shoals:4)
  A troll (D:11)
  A water elemental (Elf:2)
  A wraith (Crypt:1)
  182 fire vortices
  40 tentacles
248 creatures vanquished.

Grand Total: 2645 creatures vanquished

Notes
Turn   | Place    | Note
-------+----------+-------------------------------------------
     0 | D:1      | Daunt the Djinni Alchemist began the quest for the Orb.
     0 | D:1      | Daunt set off with the following spells memorised: Sting,
                  | Mercury Vapours, Mephitic Cloud, Olgreb's Toxic Radiance,
                  | Sticky Flame.
     0 | D:1      | Reached XP level 1. HP: 15/15 MP: 0/0
   385 | D:1      | Reached XP level 2. HP: 21/22 MP: 0/0
   569 | D:2      | Reached skill level 1 in Fighting
   746 | D:2      | Reached XP level 3. HP: 24/27 MP: 0/0
   746 | D:2      | Learned a level 1 spell: Necrotise
  1009 | D:2      | Noticed Jessica
  1021 | D:2      | Killed Jessica
  1022 | D:2      | Reached XP level 4. HP: 25/33 MP: 0/0
  1288 | D:3      | Found a broken altar of Ashenzari.
  1303 | D:3      | Became a worshipper of Ashenzari the Shackled
  1871 | D:4      | Reached XP level 5. HP: 33/38 MP: 0/0
  1871 | D:4      | Learned a level 2 spell: Momentum Strike
  1889 | D:3      | HP: 1/38 [orc priest/divine providence (14)]
  2412 | D:4      | Reached XP level 6. HP: 17/45 MP: 0/0
  2736 | D:5      | Entered Level 5 of the Dungeon
  2736 | D:5      | Noticed a black bear
  2990 | D:4      | Found a blossoming altar of Fedhas.
  2999 | D:4      | Found a white marble altar of Elyvilon.
  3417 | D:5      | Noticed an ogre
  3588 | D:5      | Killed a black bear
  3589 | D:5      | Reached skill level 5 in Spellcasting
  3589 | D:5      | Reached skill level 5 in Conjurations
  3589 | D:5      | Reached skill level 5 in Hexes
  3589 | D:5      | Reached skill level 5 in Summonings
  3589 | D:5      | Reached skill level 5 in Necromancy
  3589 | D:5      | Reached skill level 5 in Translocations
  3589 | D:5      | Reached skill level 5 in Fire Magic
  3589 | D:5      | Reached skill level 5 in Ice Magic
  3589 | D:5      | Reached skill level 5 in Air Magic
  3589 | D:5      | Reached skill level 5 in Earth Magic
  3589 | D:5      | Reached skill level 5 in Alchemy
  3631 | D:5      | Reached XP level 7. HP: 44/51 MP: 0/0
  3631 | D:5      | Learned a level 3 spell: Dazzling Flash
  4072 | D:5      | Noticed a water moccasin
  4083 | D:5      | Killed a water moccasin
  4084 | D:5      | Reached XP level 8. HP: 43/58 MP: 0/0
  4508 | D:6      | Found a stormy altar of Qazlal.
  4509 | D:6      | Noticed Eustachio
  4522 | D:6      | Killed Eustachio
  4632 | D:6      | Found a staircase to the Ecumenical Temple.
  4932 | D:6      | Reached * piety under Ashenzari
  4932 | D:6      | Identified a scroll of acquirement
  4936 | D:6      | Noticed Pikel
  5035 | D:7      | Reached skill level 5 in Fighting
  5117 | D:7      | Noticed a troll
  5145 | D:7      | Killed a troll
  5229 | D:7      | Reached XP level 9. HP: 66/67 MP: 0/0
  5229 | D:7      | Learned a level 4 spell: Iskenderun's Mystic Blast
  5725 | D:7      | Reached ** piety under Ashenzari
  6115 | D:8      | Reached skill level 1 in Short Blades
  6139 | D:8      | Reached *** piety under Ashenzari
  6631 | D:8      | Noticed Erica
  6646 | D:8      | Killed Erica
  6647 | D:8      | Reached XP level 10. HP: 64/81 MP: 0/0
  7357 | D:9      | Reached skill level 5 in Dodging
  7515 | D:9      | Reached skill level 1 in Evocations
  7811 | D:9      | Found Tuocait's Assorted Antiques.
  7819 | D:9      | Bought a cyan potion for 17 gold pieces
  7819 | D:9      | Bought a scroll labelled TOCU BOASUNO for 19 gold pieces
  8014 | D:10     | Entered Level 10 of the Dungeon
  8014 | D:10     | Noticed a gargoyle
  8014 | D:10     | Noticed a two-headed ogre
  8156 | D:9      | Noticed a kobold demonologist
  8562 | D:9      | Noticed a soul eater
  8564 | D:9      | Killed a kobold demonologist
  8565 | D:9      | Reached XP level 11. HP: 80/90 MP: 0/0
  8565 | D:9      | Learned a level 4 spell: Passage of Golubria
  8901 | D:9      | Noticed a manticore
  8915 | D:9      | Killed a manticore
  8930 | D:9      | Noticed a deep elf pyromancer
  8985 | D:9      | Killed a deep elf pyromancer
  8986 | D:9      | Reached skill level 5 in Stealth
  9130 | D:9      | Noticed a centaur warrior
  9149 | D:9      | Killed a centaur warrior
  9599 | D:7      | Reached **** piety under Ashenzari
  9755 | D:5      | Killed Pikel
 10498 | D:1      | Found a faded altar of an unknown god.
 10952 | D:10     | Found an ornate altar of the Wu Jian Council.
 10952 | D:10     | Found a faded altar of an unknown god.
 10972 | D:10     | Found a glowing silver altar of Zin.
 10974 | D:10     | Found a bloodstained altar of Trog.
 10975 | D:10     | Found a faded altar of an unknown god.
 11010 | D:10     | Found a staircase to the Orcish Mines.
 11097 | D:10     | Reached ***** piety under Ashenzari
 11245 | D:10     | Reached skill level 10 in Fighting
 11666 | D:10     | Reached XP level 12. HP: 95/106 MP: 0/0
 12117 | D:11     | Found a staircase to the Lair.
 12594 | Lair:1   | Entered Level 1 of the Lair of Beasts
 12605 | Lair:1   | Found a dark tunnel.
 12615 | Volcano  | Entered a volcano
 12793 | Volcano  | Noticed a +1 mace of flaming
 12793 | Volcano  | Noticed an occultist
 12812 | Volcano  | Killed a +1 mace of flaming
 12816 | Volcano  | Killed an occultist
 12956 | Volcano  | Noticed an occultist
 12961 | Volcano  | Killed an occultist
 13734 | Lair:1   | Reached skill level 1 in Shields
 13766 | Lair:1   | Reached XP level 13. HP: 84/120 MP: 0/0
 13766 | Lair:1   | Learned a level 5 spell: Irradiate
 14653 | Lair:2   | Found a staircase to the Shoals.
 14852 | Lair:2   | Reached skill level 5 in Armour
 14852 | Lair:2   | Reached skill level 5 in Evocations
 16280 | Lair:3   | Noticed a seven-headed hydra
 16291 | Lair:3   | Killed a seven-headed hydra
 16486 | Lair:3   | Reached XP level 14. HP: 87/126 MP: 0/0
 16860 | Lair:3   | Found a hole to the Spider Nest.
 16875 | Lair:3   | Reached skill level 10 in Dodging
 17985 | Lair:4   | Found a viscous altar of Jiyva.
 18006 | Lair:4   | Found a staircase to the Slime Pits.
 18822 | Lair:5   | Entered Level 5 of the Lair of Beasts
 19652 | Lair:5   | Noticed a dire elephant
 19652 | Lair:5   | Noticed a dire elephant
 19653 | Lair:5   | Noticed a dire elephant
 19653 | Lair:5   | Found the +3 pair of mountain boots {steadfast, rC+}
 19840 | D:11     | Found Waobeiro's Self-Improvement Boutique.
 20188 | D:11     | Found a runed translucent gate.
 20189 | D:11     | Found a runed translucent gate.
 20189 | D:11     | Found a runed translucent gate.
 20190 | D:11     | Noticed Psyava's ghost (journeyman HuAl)
 20616 | D:11     | Killed Psyava's ghost
 20701 | D:12     | Noticed Maurice
 20713 | D:12     | Killed Maurice
 21146 | D:12     | Noticed Jorgrun
 21153 | D:12     | Killed Jorgrun
 21154 | D:12     | Reached XP level 15. HP: 125/130 MP: 0/0
 21154 | D:12     | Learned a level 6 spell: Dispersal
 21308 | D:12     | Noticed Psyche
 21330 | D:12     | Killed Psyche
 21402 | D:12     | Noticed Fannar
 21413 | D:12     | Killed Fannar
 21566 | Lair:3   | Acquired 818 gold pieces
 21567 | Lair:3   | Acquired 812 gold pieces
 21983 | D:13     | Found a gate leading to a gauntlet.
 21999 | Gauntlet | Entered a Gauntlet
 21999 | Gauntlet | Identified the amulet of Jovvus {Acrobat Str+2 SInv}
 21999 | Gauntlet | Found a transporter.
 21999 | Gauntlet | Found a transporter.
 21999 | Gauntlet | Found a transporter.
 22000 | Gauntlet | Found a transporter.
 22001 | Gauntlet | Found a transporter.
 22004 | Gauntlet | Found a transporter.
 22010 | Gauntlet | Found a transporter.
 22013 | Gauntlet | Found a transporter.
 22013 | Gauntlet | Found a transporter.
 22015 | Gauntlet | Found a transporter.
 22017 | Gauntlet | Identified the +0 pair of boots of the Moon {Harm ^Drain
                  | Will+ SInv}
 22023 | Gauntlet | Identified the amulet of Hiditzen {Reflect +Blink rC- rCorr
                  | Int+5 SH+5}
 22036 | Gauntlet | Found a transporter.
 22044 | Gauntlet | Found a transporter.
 22158 | Gauntlet | Reached skill level 5 in Shields
 22272 | Gauntlet | Identified the +8 morningstar of Mutilation {elec, rF++}
 22280 | Gauntlet | Identified the +1 pair of boots "Ebown" {rF+ rN+ Str+7
                  | Int-4}
 22369 | D:13     | Found a frozen archway.
 22391 | IceCv    | Entered an ice cave
 22574 | IceCv    | Reached skill level 10 in Spellcasting
 22574 | IceCv    | Reached skill level 10 in Conjurations
 22574 | IceCv    | Reached skill level 10 in Hexes
 22574 | IceCv    | Reached skill level 10 in Summonings
 22574 | IceCv    | Reached skill level 10 in Necromancy
 22574 | IceCv    | Reached skill level 10 in Translocations
 22574 | IceCv    | Reached skill level 10 in Fire Magic
 22574 | IceCv    | Reached skill level 10 in Ice Magic
 22574 | IceCv    | Reached skill level 10 in Air Magic
 22574 | IceCv    | Reached skill level 10 in Earth Magic
 22574 | IceCv    | Reached skill level 10 in Alchemy
 22617 | IceCv    | Noticed a frost giant
 22768 | IceCv    | Killed a frost giant
 23610 | D:13     | Noticed Lodul
 23713 | D:13     | Killed Lodul
 23763 | D:13     | Found a gate to the Vaults.
 23860 | D:14     | Noticed Louise
 24071 | D:14     | Identified Sif Muna's Parchment of Lightning
 24167 | D:14     | Found the +9 scales of the Dragon King {rPois rF+ rC+
                  | Will+}
 24544 | D:14     | Killed Louise
 24545 | D:14     | Reached skill level 5 in Short Blades
 24545 | D:14     | Reached XP level 16. HP: 122/137 MP: 0/0
 24640 | D:14     | Reached skill level 10 in Armour
 24778 | D:15     | Entered Level 15 of the Dungeon
 25678 | D:15     | Found a staircase to the Depths.
 26471 | Orc:1    | Entered Level 1 of the Orcish Mines
 26588 | Orc:2    | Entered Level 2 of the Orcish Mines
 26598 | Orc:2    | Reached skill level 15 in Dodging
 26618 | Orc:1    | Noticed Sonja
 26622 | Orc:1    | Killed Sonja
 26875 | Orc:2    | Found a staircase to the Elven Halls.
 27149 | Orc:2    | Noticed Erolcha
 27164 | Orc:2    | Killed Erolcha
 27791 | Orc:2    | Found Wusoj's Book Emporium.
 27791 | Orc:2    | Found Bijapp's Magic Scroll Emporium.
 27793 | Orc:2    | Found Ezxut's Jewellery Shop.
 27793 | Orc:2    | Found Ysotoic's Armour Shop.
 27805 | Orc:2    | Bought a scroll of blinking for 75 gold pieces
 27805 | Orc:2    | Bought a scroll of revelation for 75 gold pieces
 27805 | Orc:2    | Bought a scroll of blinking for 75 gold pieces
 27950 | D:11     | Bought a manual of Stealth for 1040 gold pieces
 28026 | Shoals:1 | Entered Level 1 of the Shoals
 28032 | Shoals:1 | Noticed a kraken
 28228 | Shoals:1 | Noticed a kraken
 28862 | Shoals:2 | Reached skill level 10 in Stealth
 28973 | Shoals:1 | Killed a kraken
 29044 | Shoals:1 | Killed a kraken
 29071 | Shoals:1 | Noticed a kraken
 29104 | Shoals:1 | Killed a kraken
 29105 | Shoals:1 | Reached XP level 17. HP: 125/142 MP: 0/0
 29105 | Shoals:1 | Learned a level 7 spell: Monstrous Menagerie
 29153 | Shoals:1 | Noticed a kraken
 29205 | Shoals:1 | Noticed a kraken
 29220 | Shoals:1 | Killed a kraken
 29782 | Shoals:1 | Killed a kraken
 30458 | D:13     | Acquired the ring "Woaterphe" {rF+ rC+}
 30630 | Spider:1 | Entered Level 1 of the Spider Nest
 33049 | Spider:2 | Reached XP level 18. HP: 134/149 MP: 0/0
 34664 | Spider:4 | Entered Level 4 of the Spider Nest
 34956 | Spider:4 | Reached skill level 15 in Spellcasting
 34956 | Spider:4 | Reached skill level 15 in Conjurations
 34956 | Spider:4 | Reached skill level 15 in Hexes
 34956 | Spider:4 | Reached skill level 15 in Summonings
 34956 | Spider:4 | Reached skill level 15 in Necromancy
 34956 | Spider:4 | Reached skill level 15 in Translocations
 34956 | Spider:4 | Reached skill level 15 in Fire Magic
 34956 | Spider:4 | Reached skill level 15 in Ice Magic
 34956 | Spider:4 | Reached skill level 15 in Air Magic
 34956 | Spider:4 | Reached skill level 15 in Earth Magic
 34956 | Spider:4 | Reached skill level 15 in Alchemy
 35012 | Spider:4 | Reached skill level 1 in Ranged Weapons
 35374 | Spider:4 | Identified the +11 long sword "Xidaulul" {pain, *Slow rC+++
                  | Stlth+}
 35541 | Spider:4 | Got a gossamer rune of Zot
 36389 | Shoals:2 | Reached skill level 5 in Ranged Weapons
 36779 | Shoals:2 | Reached XP level 19. HP: 147/155 MP: 0/0
 36779 | Shoals:2 | Learned a level 6 spell: Sculpt Simulacrum
 37405 | Shoals:3 | Noticed Mlioglotl
 37413 | Shoals:3 | Killed Mlioglotl
 38140 | Shoals:4 | Entered Level 4 of the Shoals
 38290 | Shoals:4 | Paralysed by an air elemental for 1 turns
 38292 | Shoals:4 | Paralysed by an air elemental for 1 turns
 38355 | Shoals:4 | Noticed Polyphemus
 38374 | Shoals:4 | Paralysed by an air elemental for 1 turns
 38381 | Shoals:4 | Killed Polyphemus
 38627 | Shoals:4 | Paralysed by an air elemental for 1 turns
 38654 | Shoals:4 | Reached skill level 10 in Ranged Weapons
 39117 | Shoals:4 | Identified the +8 longbow of Usaink {freeze, rF- Dex+3}
 39165 | Shoals:4 | Identified Sif Muna's Teachings on Damaging Wanderlust
 39192 | Shoals:4 | Got a barnacled rune of Zot
 39236 | Shoals:4 | Paralysed by an air elemental for 1 turns
 39647 | Vaults:1 | Entered Level 1 of the Vaults
 39904 | Vaults:1 | Reached XP level 20. HP: 116/162 MP: 0/0
 41600 | Vaults:2 | Identified the +0 scale mail of Yredelemnul {rCorr Str+3}
 41616 | Vaults:2 | Found a portal to a secret trove of treasure.
 41760 | Vaults:2 | Identified the maw talisman of Ru, Imbibing {rElec Will+
                  | rCorr Int+3 Dex-2}
 42413 | Vaults:2 | Found a staircase to the Crypt.
 42414 | Vaults:2 | Found a basalt altar of Yredelemnul.
 42801 | Vaults:2 | Reached XP level 21. HP: 153/163 MP: 0/0
 42801 | Vaults:2 | Learned a level 7 spell: Ozocubu's Refrigeration
 42894 | Vaults:2 | Noticed Donald
 42905 | Vaults:2 | Killed Donald
 43431 | Vaults:3 | You are sucked into a shaft and drop 1 floor!
 44511 | Vaults:4 | Noticed a dread lich
 45248 | Depths:1 | Entered Level 1 of the Depths
 45483 | Depths:1 | Noticed a juggernaut
 45484 | Depths:1 | Identified the ring "Ekhlui" {rF+ rN+ Dex+3}
 45631 | Depths:1 | Found a gateway to Hell.
 45686 | Depths:1 | Found Cawkoewn's Book Shop.
 45690 | Depths:1 | Found Zopaud's Assorted Antiques.
 45694 | Depths:1 | Bought a manual of Evocations for 1040 gold pieces
 45938 | Depths:1 | Reached XP level 22. HP: 151/176 MP: 0/0
 46220 | Depths:1 | Reached skill level 10 in Evocations
 46251 | Depths:1 | Killed a juggernaut
 46804 | Depths:2 | Found a one-way gate leading to the halls of Pandemonium.
 47526 | Depths:2 | Noticed Asterion
 47541 | Depths:2 | Killed Asterion
 47919 | Depths:2 | Identified the staff "Pischiebb" {rElec Str+2 Summ Air}
 48192 | Depths:2 | Found an iron altar of Okawaru.
 48220 | Depths:2 | Found a runed translucent gate.
 48221 | Depths:2 | Found a runed translucent gate.
 48221 | Depths:2 | Found a runed translucent gate.
 48848 | Depths:2 | Reached XP level 23. HP: 167/175 MP: 0/0
 48848 | Depths:2 | Learned a level 8 spell: Discord
 49022 | Depths:2 | Found an opulent altar of Gozag.
 49032 | Depths:2 | Noticed a caustic shrike
 49091 | Depths:2 | Noticed Oxzi's ghost (adept DEHW)
 49094 | Depths:2 | Found Liaczow's Assorted Antiques.
 49130 | Depths:2 | Killed Oxzi's ghost
 49300 | Depths:3 | Found a one-way gate to the infinite horrors of the Abyss.
 49356 | Depths:3 | Acquired 1338 gold pieces
 49870 | Depths:3 | You are sucked into a shaft and drop 1 floor!
 49870 | Depths:4 | Entered Level 4 of the Depths
 50005 | Depths:3 | Found a one-way gateway to a ziggurat.
 50369 | Depths:3 | Noticed a caustic shrike
 50377 | Depths:3 | Killed a caustic shrike
 50380 | Depths:3 | Noticed a golden dragon
 50383 | Depths:3 | Killed a golden dragon
 50792 | Depths:4 | Noticed Jory
 51373 | Depths:4 | Found Big Baal Hell's Store.
 51737 | Depths:4 | Found a gate to the Realm of Zot.
 52011 | Depths:4 | Killed Jory
 52268 | Depths:2 | Killed a caustic shrike
 52491 | Elf:1    | Entered Level 1 of the Elven Halls
 52517 | Elf:1    | Found Lianlaq's Weapon Shoppe.
 52716 | Elf:1    | Reached skill level 10 in Shields
 52716 | Elf:1    | Reached XP level 24. HP: 147/181 MP: 0/0
 52850 | Elf:1    | Found Losuidel's Antique Armour Shoppe.
 52852 | Elf:1    | You are sucked into a shaft and drop 1 floor!
 53189 | Elf:1    | Paralysed by an air elemental for 1 turns
 53499 | Elf:1    | Identified the maw talisman of Creativity {Str+4}
 53564 | Elf:1    | Identified Sif Muna's Incunable of Allied Conjuration
 53814 | Elf:2    | Identified the orb of Gluttony {*Rage, rC+}
 53836 | Elf:2    | Paralysed by an air elemental for 1 turns
 53839 | Elf:2    | Paralysed by an air elemental for 1 turns
 53843 | Elf:2    | Paralysed by an air elemental for 1 turns
 53846 | Elf:2    | Paralysed by an air elemental for 1 turns
 54087 | Elf:2    | Found a runed translucent gate.
 54087 | Elf:2    | Found a runed translucent gate.
 54087 | Elf:2    | Found a runed translucent gate.
 54222 | Elf:2    | Identified the +3 morningstar of the Trees {venom, rCorr}
 55041 | Vaults:2 | You paid a toll of +4 ice dragon scales to enter a treasure
                  | trove
 55042 | Trove    | Entered a treasure trove
 55044 | Trove    | Identified the ring of Vuarailo {rF+ Str+6}
 55044 | Trove    | Identified the ring "Ecadosh" {^Drain rElec rC- rN++ Str+6}
 55044 | Trove    | Identified the amulet of Amoloschejo {Acrobat ^Fragile +Inv
                  | rCorr Int-5}
 55044 | Trove    | Identified the ring of the Middle {Fly rN+ MP-9 Str+3
                  | Stlth+}
 55044 | Trove    | Identified the amulet of Leaves {RegenMP rCorr}
 55044 | Trove    | Identified the ring "Nuigusch" {rPois rN+++ Will+ rCorr
                  | Stlth-}
 55045 | Trove    | Identified the ring of the Salmon {rCorr Str-3 Int+2 Dex+2
                  | Slay+4}
 55045 | Trove    | Identified the ring "Futzod" {rN+ rCorr Int-2 SInv}
 55450 | Elf:3    | Entered Level 3 of the Elven Halls
 55638 | Elf:3    | Found Ririoshri's Weapon Shoppe.
 56071 | Elf:3    | Noticed Boris
 56081 | Elf:3    | Killed Boris
 56091 | Elf:3    | Identified the ring "Wovvaefu" {Int+6 Dex+3 Slay+3 SInv}
 56239 | Elf:3    | Identified the amulet of Wiumpoel {Acrobat Rampage rElec
                  | Int+3}
 56384 | Elf:3    | Reached skill level 15 in Shields
 56611 | Elf:3    | Found a runed translucent door.
 56824 | Elf:3    | Identified the +1 broad axe "Ochuunty" {flame, rElec Int+3}
 56913 | Elf:3    | Reached XP level 25. HP: 172/188 MP: 0/0
 56913 | Elf:3    | Learned a level 8 spell: Borgnjor's Revivification
 56913 | Elf:3    | Identified the ring of Fun {rN+ EV+5}
 57142 | Elf:3    | Identified Sif Muna's Compilation of Topography and the
                  | Fifth Circle
 57142 | Elf:3    | Identified the +8 scale mail of the Manifold Priests {rPois
                  | rN+}
 57142 | Elf:3    | Found the +3 giant club "Skullcrusher" {speed, Str+7}
 57144 | Elf:3    | Identified the staff of Evil {+Blink Stlth+ Conj Hexes}
 57642 | Crypt:1  | Entered Level 1 of the Crypt
 57650 | Crypt:1  | Identified the ring of the Heavens {Ice Stlth+}
 57650 | Crypt:1  | Noticed Josephina
 57662 | Crypt:1  | Killed Josephina
 57888 | Crypt:1  | Noticed Sojobo
 57898 | Crypt:1  | Paralysed by an air elemental for 1 turns
 58263 | Crypt:1  | Killed Sojobo
 58265 | Crypt:1  | Reached skill level 15 in Fighting
 58555 | Crypt:1  | Noticed Margery
 58561 | Crypt:1  | Killed Margery
 59654 | Crypt:2  | Acquired 972 gold pieces
 60372 | Crypt:2  | Noticed Boris
 60455 | Crypt:2  | Killed Boris
 61294 | Crypt:3  | Entered Level 3 of the Crypt
 61715 | Crypt:3  | Identified the cursed +0 cloak "Cursed With Me" {Self,
                  | Range} (You took it off Maurice on level 12 of the Dungeon)
 61715 | Crypt:3  | Identified the cursed +2 hat of Ashenzari's Henotheism
                  | {Int+3, Cun, Self} (You found it on level 4 of the Spider
                  | Nest)
 61715 | Crypt:3  | Identified the cursed +2 pair of gloves "Regret of
                  | Ashenzari" {Str+3, Range, Self} (You found it on level 1 of
                  | the Shoals)
 61715 | Crypt:3  | Identified the cursed +2 robe of the Prescient Sun {Will+,
                  | Self, Dev} (You took it off Jorgrun on level 12 of the
                  | Dungeon)
 63606 | Crypt:3  | Reached XP level 26. HP: 171/200 MP: 0/0
 63707 | Crypt:3  | Found a staircase to the Tomb.
 64198 | Crypt:3  | Noticed a dread lich
 64234 | Crypt:3  | Killed a dread lich
 64345 | Crypt:3  | Identified the +1 plate armour of the Goldsmith {rF+ Str+3
                  | SInv Stlth-}
 65197 | Slime:1  | Entered Level 1 of the Pits of Slime
 65856 | Slime:5  | Entered Level 5 of the Pits of Slime
 66409 | Slime:5  | Reached skill level 15 in Armour
 67064 | Slime:5  | Noticed the Royal Jelly
 67367 | Slime:5  | Found a viscous altar of Jiyva.
 67375 | Slime:5  | Identified the ring of Gurphedgh {Str+2 Int+6 Dex+4 SInv}
 67375 | Slime:5  | Identified the Verses on Fey Incineration
 67583 | Slime:5  | Identified the Quarto of Rotation
 68063 | Slime:5  | Killed the Royal Jelly
 68136 | Slime:5  | Got a slimy rune of Zot
 69904 | Slime:3  | Gained mutation: A frigid envelope surrounds you and
                  | freezes all who hurt you. [a shining eye]
 70665 | Zot:1    | Entered Level 1 of the Realm of Zot
 70685 | Zot:1    | Reached XP level 27. HP: 156/211 MP: 0/0
 70685 | Zot:1    | Learned a level 9 spell: Fire Storm
 70960 | Zot:1    | Reached skill level 15 in Ranged Weapons
 71213 | Zot:1    | Noticed a dread lich
 71226 | Zot:1    | Killed a dread lich
 71376 | Zot:1    | Noticed a dread lich
 71390 | Zot:1    | Killed a dread lich
 71473 | Zot:1    | Noticed a dread lich
 71476 | Zot:1    | Killed a dread lich
 71511 | Zot:1    | Noticed a dread lich
 71514 | Zot:1    | Killed a dread lich
 71529 | Zot:1    | Noticed a dread lich
 71532 | Zot:1    | Killed a dread lich
 72657 | Elf:1    | Bought a shiny helmet for 240 gold pieces
 73154 | Depths:4 | Bought the +1 leather armour of the Butcher {rC+, rF+
                  | Dex+3} for 2131 gold pieces
 73243 | Depths:3 | Acquired the amulet of Yjextuen {rF+ rC++ Regen+ rCorr
                  | Int-4}
 73265 | Zig:1    | Entered Level 1 of a ziggurat
 73424 | Zig:2    | Entered Level 2 of a ziggurat
 73493 | Zig:3    | Entered Level 3 of a ziggurat
 73563 | Zig:4    | Entered Level 4 of a ziggurat
 73565 | Zig:4    | Found the +5 scythe "Finisher" {speed, execute}
 73629 | Zig:5    | Entered Level 5 of a ziggurat
 73787 | Zig:6    | Entered Level 6 of a ziggurat
 73793 | Zig:6    | Noticed a dread lich
 73793 | Zig:6    | Identified the +10 war axe of Doom {speed, rPois rF++}
 73795 | Zig:6    | Noticed a dread lich
 73796 | Zig:6    | Killed a dread lich
 73798 | Zig:6    | Killed a dread lich
 73909 | Zig:7    | Entered Level 7 of a ziggurat
 73912 | Zig:7    | Noticed a royal mummy
 73912 | Zig:7    | Noticed a royal mummy
 73915 | Zig:7    | Noticed a royal mummy
 73920 | Zig:7    | Killed a royal mummy
 73920 | Zig:7    | Killed a royal mummy
 73924 | Zig:7    | Killed a royal mummy
 73975 | Zig:7    | Identified the cursed +2 cloak of Curses and Power {Will+,
                  | Bglg, Range} (You found it on level 3 of the Elven Halls)
 74124 | Zig:7    | Found the +3 Elemental Staff {ele, rElec rF+ rC+ AC+3}
 74339 | D:11     | Bought a manual of Staves for 1040 gold pieces
 74616 | Zot:2    | Reached skill level 1 in Staves
 74619 | Zot:2    | Noticed a shard shrike
 74724 | Zot:2    | Reached skill level 5 in Staves
 74733 | Zot:2    | Noticed Parghit
 74737 | Zot:2    | Killed Parghit
 75524 | Zot:2    | Killed a shard shrike
 75525 | Zot:2    | Reached skill level 10 in Staves
 76427 | Zot:3    | Noticed an orb of fire
 76450 | Zot:3    | Killed an orb of fire
 77346 | Zot:3    | Found a runed translucent door.
 77347 | Zot:3    | Noticed Qephaces's ghost (veteran GnGl)
 77347 | Zot:3    | Identified the staff of the Ancients {*Corrode Dex+3 Conj
                  | Hexes Alchemy}
 77389 | Zot:3    | Identified the +1 scale mail of Servitude {Dex+4}
 77649 | Zot:4    | Noticed a Killer Klown
 77651 | Zot:4    | Killed a Killer Klown
 78752 | Zot:5    | Entered Level 5 of the Realm of Zot
 79289 | Zot:5    | Noticed an ancient lich
 79293 | Zot:5    | Killed an ancient lich
 79299 | Zot:5    | Noticed an ancient lich
 79302 | Zot:5    | Killed an ancient lich
 79427 | Zot:5    | Noticed an ancient lich
 79436 | Zot:5    | Killed an ancient lich
 79507 | Zot:5    | Noticed an orb of fire
 79509 | Zot:5    | Noticed a dread lich
 79514 | Zot:5    | Killed a dread lich
 79515 | Zot:5    | Killed an orb of fire
 79515 | Zot:5    | Noticed an ancient lich
 79516 | Zot:5    | Killed an ancient lich
 79516 | Zot:5    | Noticed a Killer Klown
 79644 | Zot:5    | Killed a Killer Klown
 80050 | Zot:5    | Noticed a Killer Klown
 80057 | Zot:5    | Killed a Killer Klown
 80093 | Zot:5    | Noticed a dread lich
 80095 | Zot:5    | Killed a dread lich
 80110 | Zot:5    | Noticed a dread lich
 80114 | Zot:5    | Killed a dread lich
 80166 | Zot:5    | Noticed an orb of fire
 80169 | Zot:5    | Gained mutation: You are robust. (+10% HP) [an orb of fire]
 80170 | Zot:5    | Gained mutation: You have hidden genetic potential. [an orb
                  | of fire]
 80171 | Zot:5    | Killed an orb of fire
 80337 | Zot:5    | Noticed a Killer Klown
 80339 | Zot:5    | Killed a Killer Klown
 81026 | Zot:5    | Got the Orb of Zot
 81141 | Zot:1    | Noticed Zan Duke the pandemonium lord
 81144 | Zot:1    | Killed Zan Duke the pandemonium lord
 81260 | Depths:2 | Noticed a seraph
 81314 | D:15     | Noticed Eczoelat the pandemonium lord
 81573 | D:3      | Noticed Yvustryd the pandemonium lord
 81623 | D:$      | Escaped with the Orb!

Illustrated notes

Levels and vault maps discovered:
D:1:      dpeg_arrival_simpleton_c, layout_basic, shapermc_ecumenical_altar_gd,
          dreamdust_princess_bridge, hex_medium, grunt_decor_arrowhead
D:2:      layout_basic, uniq_jessica
D:3:      layout_loops_cross, mainiacjoe_overflow_alcove_1
D:4:      layout_layer_cave, mainiacjoe_overflow_swirl
D:5:      layout_rooms, minmay_misc_feat_plants
D:6:      layout_cave_pools, amcnicky_altar_gilded, temple_green,
          uniq_eustachio, uniq_pikel
D:7:      cheibrodos_barr_body, layout_gridville
D:8:      layout_basic, uniq_erica
D:9:      minmay_slanted_spiral_squares, layout_basic, serial_shops, shop,
          blue_anna_alchemist, serial_bayou_lake_a
D:10:     minmay_s_stair_smasher, layout_rooms,
          chequers_temple_overflow_minitemple, david_orc_2
D:11:     layout_stronghold, lair_entry_dummy, ebering_ghost_rock_garden,
          nicolae_shop_self_help
D:12:     layout_stronghold, uniq_maurice, uniq_psyche, uniq_jorgrun,
          uniq_fannar
D:13:     layout_irregular_city, hellmonk_vaults_attempted_burglary,
          gauntlet_entry_generic, portal_ice_cave_entry_pillars_1, uniq_lodul
D:14:     layout_basic, hangedman_decor_riveting, minivault_21, uniq_louise
D:15:     gammafunk_depths_entry_grave, layout_basic, serial_park_tiny_2,
          lemuel_flame_loot_1
Lair:1:   layout_chaotic_city, nicolae_volcano_entry_two_sided,
          serial_bayou_shore_a
Lair:2:   regret_index_wax_grids, layout_chaotic_city, shoals_dummy_entry
Lair:3:   lemuel_reptile_caves, layout_chaotic_city,
          nicolae_spider_entry_lesser_pyramids, wad_woods_06,
          infiniplex_staircase_pool
Lair:4:   hellmonk_destroyed_diamonds, layout_gridlike, slime_entry_1
Lair:5:   due_jungle_book, layout_loops_ring, grunt_megastairs_5
Shoals:1: nicolae_shoals_lighthouse, layout_shoals
Shoals:2: layout_shoals, nicolae_shoals_water_shrine
Shoals:3: layout_shoals, uniq_mlioglotl
Shoals:4: shoals_end_hellmonk_storm_palace [storm_palace_center_circular,
          storm_palace_corner_reverse_hut, storm_palace_corner_narrow,
          storm_palace_corner_blocked, storm_palace_corner_pillars],
          uniq_polyphemus
Spider:1: layout_chambers, drop_trap
Spider:2: layout_spider_delve
Spider:3: layout_cave_pods
Spider:4: hellmonk_spider_rune_bug_friends
Slime:1:  layout_caves
Slime:2:  layout_caves
Slime:3:  nicolae_slime_pool, layout_caves
Slime:4:  layout_caves, nicolae_slime_welcoming_committee
Slime:5:  slime_pit_nicolae_block_by_block
Orc:1:    layout_diamond_mine, minmay_orc_temple_a, uniq_sonja
Orc:2:    st_orc_elflike, layout_caves, mines3_lemuel, uniq_erolcha
Elf:1:    eino_elf_arrival_sip, layout_gridlike, serial_shops,
          nicolae_shop_just_a_little_nook, nicolae_diamond_shop,
          minmay_elf_sorcery
Elf:2:    elven_hall_of_blades_hangedman_original
          [nicolae_blade_entry_sentries_behind_glass], layout_geoelf_grid,
          nicolae_elf_big_sculpture_3
Elf:3:    minmay_elf_hall_circle, layout_rooms, serial_shops, shop,
          minmay_misc_feat_diagonals, st_stairs_9, minivault_13, uniq_boris
Vaults:1: nicolae_vaults_little_squares_6, vaults_dpeg_spiral,
          vaults_mumra_hexcomb, nicolae_vaults_rhombus_6, vaults_dpeg_ring,
          nicolae_vaults_storage_room_statues, layout_vaults_omnigrid
Vaults:2: nicolae_vaults_network_quincunx
          [nicolae_vaults_network_quincunx_subvault,
          nicolae_vaults_network_quincunx_subvault,
          nicolae_vaults_network_quincunx_subvault,
          nicolae_vaults_network_quincunx_subvault,
          nicolae_vaults_network_quincunx_subvault],
          minmay_crypt_entry_necro_gods, v_misc_24, nicolae_vaults_big_ls,
          vaults_room_fours, v_alt_pattern_3, v_alt_pattern_5,
          nicolae_vaults_double_plus_3, v_misc_24,
          nicolae_vaults_variable_pillar_hall_cross,
          nicolae_vaults_closet_pinwheel_2, nicolae_vaults_tetromino_Z_1,
          v_misc_27, layout_vaults_omnibox, nicolae_trove_entry_crossroad,
          uniq_donald
Vaults:3: vaults_dpeg_cross, v_misc_15, v_pattern_5, v_misc_9,
          nicolae_vaults_house_1, minmay_orc_keep,
          nicolae_vaults_border_crossing, nicolae_vaults_shelves_hall,
          layout_vaults_ring
Vaults:4: nicolae_vaults_doubleplus_tesselated,
          nicolae_vaults_ring_of_whatevers, nicolae_vaults_tetromino_T_2,
          nicolae_vaults_little_squares_5, vaults_dpeg_encased_lava,
          nicolae_vaults_little_squares_5, nicolae_vaults_trapezoid_lopsided_3,
          nicolae_vaults_specimen_jars, layout_vaults_big_room
Crypt:1:  layout_rooms, uniq_josephina, uniq_sojobo, uniq_margery
Crypt:2:  layout_misc_corridors, basic_altar
Crypt:3:  evilmike_haunted_forest
Depths:1: layout_cave_pools, hell_entry, bh_walls_and_bars, minivault_12,
          minmay_shop_star
Depths:2: minmay_the_grid_square_5x5_4x4
          [minmay_the_grid_square_5x5_half_checkered,
          minmay_the_grid_square_5x5_meh, minmay_the_grid_square_5x5_six,
          minmay_the_grid_square_5x5_three_small,
          minmay_the_grid_square_5x5_intrusive_squares,
          minmay_the_grid_square_5x5_prize_rear_guard,
          minmay_the_grid_square_5x5_prize_itemx, minmay_the_grid_square_5x5_n,
          minmay_the_grid_square_5x5_inner_v,
          minmay_the_grid_square_5x5_prize_junk,
          minmay_the_grid_square_5x5_prize_open,
          minmay_the_grid_square_5x5_sharp_hourglass,
          minmay_the_grid_square_5x5_bridge, minmay_the_grid_square_5x5_longway,
          minmay_the_grid_square_5x5_tie, minmay_the_grid_square_5x5_z],
          layout_cave_shapes, hell_entry, grunt_pan_entry_in_and_out,
          ebering_ghost_gozag, serial_sigils_hangedman_scar, okawaru_gym_becter,
          uniq_asterion
Depths:3: minmay_triangles_in_corner, layout_small_grid, enter_ziggurat_c,
          hell_entry, abyss_entry, nicolae_two_hexagons,
          infiniplex_staircase_pillars_1, serial_bayou_shore_b
Depths:4: evilmike_zot_entry_basic, layout_cave_shapes, rand_demon_pan_entry_4,
          serial_library_hellmonk_layered_room, abyss_entry,
          nicolae_hell_entry_big_baal_hell, nicolae_triple_integral, uniq_jory
Zot:1:    hellmonk_paralyzer, layout_misc_corridors
Zot:2:    layout_onion_interference, regret_index_zotdec_zees,
          hangedman_elemental_grid_stream, uniq_parghit
Zot:3:    layout_gridlike, gammafunk_ghost_grave, zot_minivault_6
Zot:4:    kennysheep_spiral_hall, layout_gridlike,
          regret_index_zotdec_slimy_original
Zot:5:    layout_twisted_circle, nicolae_zig_zag_zippers

Skill      XL: |  1  2  3  4  5  6  7  8  9 10 11 12 13 14 15 16 17 18 19 20 21 22 23 24 25 26 27 |
---------------+----------------------------------------------------------------------------------+-----
Fighting       | 1 2 3 4 5 7 8 10 14 16 18 21 | 21.6
Spellcasting   | 4 5 6 7 8 9 10 13 15 17 18 19 20 23 | 23.2
Conjurations   | 4 5 6 7 8 9 10 13 15 17 18 19 20 23 | 23.2
Hexes          | 4 5 6 7 8 9 10 13 15 17 18 19 20 23 | 23.2
Summonings     | 4 5 6 7 8 9 10 13 15 17 18 19 20 23 | 23.2
Necromancy     | 4 5 6 7 8 9 10 13 15 17 18 19 20 23 | 23.2
Translocations | 4 5 6 7 8 9 10 13 15 17 18 19 20 23 | 23.2
Fire Magic     | 4 5 6 7 8 9 10 13 15 17 18 19 20 23 | 23.2
Ice Magic      | 4 5 6 7 8 9 10 13 15 17 18 19 20 23 | 23.2
Air Magic      | 4 5 6 7 8 9 10 13 15 17 18 19 20 23 | 23.2
Earth Magic    | 4 5 6 7 8 9 10 13 15 17 18 19 20 23 | 23.2
Alchemy        | 4 5 6 7 8 9 10 13 15 17 18 19 20 23 | 23.2
Short Blades   | 2 4 5 |  5.2
Stealth        | 3 6 11 | 11.3
Armour         | 3 4 6 8 9 10 16 | 16.0
Dodging        | 4 6 9 12 14 15 18 | 18.0
Evocations     | 3 4 6 7 12 13 | 13.0
Shields        | 3 4 5 10 15 | 15.0
Ranged Weapons | 6 11 14 15 | 15.7
Staves         | 11 | 11.0

Action                     |  1- 3 |  4- 6 |  7- 9 | 10-12 | 13-15 | 16-18 | 19-21 | 22-24 | 25-27 || total
---------------------------+-------+-------+-------+-------+-------+-------+-------+-------+-------++-------
  Melee: Staff             |       |     7 |     9 |       |       |       |       |       |       ||    16
         Punch             |       |     1 |    11 |    34 |       |       |       |       |       ||    46
         Club              |       |       |    10 |       |       |       |       |       |       ||    10
         Dagger            |       |       |   100 |   315 |   824 |   806 |   314 |       |       ||  2359
   Fire: Longbow           |       |       |       |       |       |       |   469 |   273 |       ||   742
         Hand cannon       |       |       |       |       |       |       |       |   395 |   309 ||   704
  Throw: Dart              |       |       |       |       |       |    51 |     7 |       |       ||    58
   Cast: Sting             |    50 |    67 |   144 |    28 |    78 |    49 |     5 |       |       ||   421
         Necrotise         |     2 |     7 |       |       |       |       |       |       |       ||     9
         Mephitic Cloud    |       |     8 |    25 |    16 |    40 |    44 |    42 |     6 |     1 ||   182
         Mercury Vapours   |       |     2 |     5 |     2 |     3 |     5 |       |       |       ||    17
         Dazzling Flash    |       |       |     3 |     3 |       |       |       |       |       ||     6
         Olgreb's Toxic Ra |       |       |     1 |     3 |    11 |    28 |     9 |     7 |     2 ||    61
         Sticky Flame      |       |       |     1 |    68 |   126 |   140 |    64 |    11 |     2 ||   412
         Iskenderun's Myst |       |       |       |    28 |    15 |    16 |       |     1 |    26 ||    86
         Momentum Strike   |       |       |       |     6 |     1 |     1 |       |       |       ||     8
         Irradiate         |       |       |       |       |    34 |    39 |     4 |    14 |    31 ||   122
         Monstrous Menager |       |       |       |       |       |    91 |   133 |   148 |   224 ||   596
         Sculpt Simulacrum |       |       |       |       |       |       |    70 |    51 |     5 ||   126
         Ozocubu's Refrige |       |       |       |       |       |       |    13 |    68 |   282 ||   363
         Dispersal         |       |       |       |       |       |       |     2 |    23 |    29 ||    54
         Discord           |       |       |       |       |       |       |       |    54 |    20 ||    74
         Passage of Golubr |       |       |       |       |       |       |       |     1 |     3 ||     4
         Fire Storm        |       |       |       |       |       |       |       |       |   270 ||   270
 Invoke: Curse Item        |       |     1 |     3 |     3 |     2 |     2 |     2 |       |     6 ||    19
         Shatter the Chain |       |       |       |       |     3 |     2 |     2 |     1 |     3 ||    11
  Evoke: Wand              |       |     1 |       |     2 |     1 |       |       |       |     8 ||    12
         Sack of spiders   |       |       |       |       |       |     1 |       |     1 |       ||     2
         Phantom mirror    |       |       |       |       |       |       |       |     2 |     1 ||     3
         Condenser vane    |       |       |       |       |       |       |       |       |     1 ||     1
    Use: Potion            |       |       |       |     1 |     2 |     1 |     4 |       |    11 ||    19
         Scroll            |       |       |       |       |     3 |     4 |     4 |    16 |    21 ||    48
   Stab: Confused          |       |       |    10 |    26 |    54 |    42 |     9 |       |       ||   141
         Sleeping          |       |       |       |     5 |     9 |    17 |    12 |       |       ||    43
         Invisible         |       |       |       |     1 |       |       |       |       |       ||     1
         Distracted        |       |       |       |       |     1 |    10 |     5 |       |       ||    16
         Paralysed         |       |       |       |       |       |     2 |     2 |       |       ||     4
         Petrified         |       |       |       |       |       |       |     4 |       |       ||     4
 Armour: Robe              |     5 |    13 |    17 |       |    70 |   412 |   344 |   214 |   127 ||  1202
         Leather armour    |       |       |    70 |   154 |   202 |       |       |       |       ||   426
         Skin              |       |       |       |       |       |       |       |       |    32 ||    32
         Troll leather arm |       |       |       |       |       |       |       |       |    46 ||    46
  Dodge: Dodged            |    17 |    12 |    89 |   173 |   562 |   768 |   635 |   301 |   251 ||  2808
  Block: Other             |     2 |     6 |    42 |    51 |       |       |       |       |       ||   101
         Reflection        |       |     1 |     1 |     1 |       |       |       |       |       ||     3
         Buckler           |       |       |       |     6 |   324 |   218 |   106 |    66 |    61 ||   781
         Kite shield       |       |       |       |       |       |       |       |       |   106 ||   106

Table legend: (Time is in decaauts)
 A = Elapsed time spent in this place.
 B = Non-inter-level travel time spent in this place.
 C = Inter-level travel time spent in this place.
 D = Time resting spent in this place.
 E = Time spent auto-exploring this place.
 F = Levels seen in this place.
 G = Mean time per level.
                   A        B        C        D        E       F      G
               +--------+--------+--------+--------+--------+-----+--------+
         Total |  81076 |  69812 |  11264 |  12045 |  30588 |  65 | 1247.3 |
       Dungeon |  21607 |  16556 |   5051 |   1307 |  10553 |  15 | 1440.5 |
          Lair |   6740 |   6054 |    686 |    798 |   3264 |   5 | 1348.0 |
        Shoals |   5530 |   5119 |    411 |    682 |   1456 |   4 | 1382.5 |
   Spider Nest |   4728 |   4488 |    240 |    319 |   2717 |   4 | 1182.0 |
    Slime Pits |   4825 |   4439 |    386 |   1841 |    677 |   5 |  965.0 |
  Orcish Mines |   1533 |   1296 |    237 |     20 |    723 |   2 |  766.5 |
   Elven Halls |   4043 |   3537 |    506 |    572 |   1217 |   3 | 1347.7 |
        Vaults |   7501 |   6216 |   1285 |   1206 |   2738 |   4 | 1875.2 |
         Crypt |   6294 |   5803 |    491 |   1945 |   1029 |   3 | 2098.0 |
        Depths |   7854 |   6503 |   1351 |   1369 |   2127 |   4 | 1963.5 |
           Zot |   7886 |   7270 |    616 |   1647 |   3059 |   5 | 1577.2 |
      Ziggurat |    866 |    866 |      0 |     37 |    683 |   7 |  123.7 |
         Trove |     53 |     53 |      0 |      0 |      0 |   1 |   53.0 |
      Ice Cave |    704 |    704 |      0 |     78 |    149 |   1 |  704.0 |
       Volcano |    613 |    613 |      0 |    192 |    159 |   1 |  613.0 |
      Gauntlet |    292 |    292 |      0 |     31 |     37 |   1 |  292.0 |
               +--------+--------+--------+--------+--------+-----+--------+

Top non-repeatable levels by time:
Vaults:2: 3577 daAuts
 Crypt:3: 3151 daAuts
 Slime:5: 2818 daAuts
Depths:2: 2504 daAuts
    D:11: 2385 daAuts
Shoals:1: 2375 daAuts
   Zot:5: 2295 daAuts
  Lair:2: 2177 daAuts
     D:4: 2055 daAuts
     D:9: 2009 daAuts
Depths:4: 1966 daAuts
    D:13: 1903 daAuts
Vaults:1: 1890 daAuts
    D:10: 1875 daAuts
Depths:3: 1864 daAuts
